 Dungeon Crawl Stone Soup version 0.24.0-13-gcf9b319 (webtiles) character file.

Game seed: 13060655394476321533, levelgen mode: deterministic

4571 Chaoticas the Basher (level 10, -8/94 HPs)
             Began as a Troll Abyssal Knight on Jan 17, 2020.
             Was a High Priest of Lugonu.
             Shot with an arrow by Nessos (27 damage)
             ... on level 12 of the Dungeon on Jan 24, 2020.
             The game lasted 00:31:31 (7120 turns).

Chaoticas the Basher (Troll Abyssal Knight)         Turns: 7120, Time: 00:31:32

Health: -8/94      AC:  8    Str: 25    XL:     10   Next: 18%
Magic:  12/12      EV: 12    Int:  8    God:    Lugonu [*****.]
Gold:   556        SH:  0    Dex: 14    Spells: 9/9 levels left

rFire    . . .     SeeInvis .   s - +10 whip of the Orb {drain, Dex+5}
rCold    . . .     Gourm    +   (no shield)
rNeg     . . .     Faith    .   b - +0 robe
rPois    .         Spirit   .   (helmet restricted)
rElec    .         Reflect  .   h - +1 cloak
rCorr    .         Harm     .   (gloves unavailable)
MR       +....                  (boots unavailable)
Stlth    +.........             (no amulet)
HPRegen  0.65/turn              l - ring of protection from magic
MPRegen  0.13/turn              G - ring of flight

@: lethally poisoned (-8 -> -24), about to teleport
A: large, unfitting armour, claws 3, fast metabolism 3, gourmand, regeneration
1, shaggy fur 1, tough skin 3
a: Depart the Abyss, Bend Space, Banish, Corrupt, Enter the Abyss, Renounce
Religion, Evoke Flight


You were on level 12 of the Dungeon.
You worshipped Lugonu.
Lugonu was extremely pleased with you.
You were not hungry.

You visited 1 branch of the dungeon, and saw 10 of its levels.
You visited the Abyss 1 time.
You also visited: Ossuary.

You collected 556 gold pieces.

Inventory:

Hand Weapons
 m - a +2 whip of holy wrath
   (You took it off a kobold on level 1 of the Dungeon)
 r - a cursed +0 giant spiked club of draining
   (You took it off an ogre on level 5 of the Dungeon)
 s - the +10 whip of the Orb (weapon) {drain, Dex+5}
   (You found it on level 5 of the Dungeon)

   A truly terrible weapon, it drains the life of those it strikes.
   It affects your dexterity (+5).
 J - a cursed +3 morningstar
   (You took it off a wight on level 7 of the Dungeon)
 L - the +5 mace of Descent {venom, *Noise rF+ Stlth+}
   (You found it on level 6 of the Dungeon)

   It poisons the flesh of those it strikes.
   It protects you from fire.
   It may make noises in combat.
   It makes you more stealthy.
Missiles
 n - 233 stones (quivered)
 y - 7 atropa-tipped darts
Armour
 b - a +0 robe (worn)
 h - a +1 cloak (worn)
   (You found it on level 1 of the Dungeon)
Magical Staves
 a - a cursed staff of death {unknown}
   (You found it on level 11 of the Dungeon)
Jewellery
 l - a ring of protection from magic (left claw)
   (You found it on level 2 of the Dungeon)
 q - an uncursed ring of ice
   (You found it on level 3 of the Dungeon)
 G - a ring of flight (right claw)
   (You found it on level 7 of the Dungeon)
Wands
 d - a wand of iceblast (8)
   (You found it on level 2 of the Dungeon)
 t - a wand of flame (29)
   (You found it on level 6 of the Dungeon)
 v - a wand of digging (6)
   (You found it on level 6 of the Dungeon)
 x - a wand of acid (12)
   (You found it on level 5 of the Dungeon)
 H - a wand of scattershot (4)
   (You found it on level 7 of the Dungeon)
Scrolls
 c - a scroll of teleportation {@r4}
 g - a scroll of identify {@r1}
 p - a scroll of fog
 z - a scroll of immolation {!r}
 B - a scroll of blinking
 C - 3 scrolls of enchant armour
 D - a scroll of enchant weapon
 I - a scroll of fear
 K - a scroll of brand weapon
Potions
 f - a potion of agility
 i - a potion of flight
 j - 2 potions of lignification {!q}
 k - a potion of might
 o - 5 potions of curing {@q1}
 u - a potion of degeneration {unknown}
 w - 2 potions of magic
 A - a potion of brilliance {unknown}
 E - a potion of heal wounds {unknown}
 F - a potion of mutation {unknown}
Comestibles
 e - 19 rations {!d}


   Skills:
 + Level 4.9 Fighting
 * Level 11.0 Maces & Flails
 + Level 4.6 Dodging
 - Level 5.0 Invocations


You had 9 spell levels left.
You didn't know any spells.
Your spell library contained the following spells:

 Spells                   Type           Power        Failure   Level  Hunger
 Confusing Touch          Hex            #.....       41%         1    ##.....


Dungeon Overview and Level Annotations

Branches:
Dungeon (12/15)            Temple (0/1) D:7         Ossuary (visited)
   Lair: D:8-11         Orc: D:9-12

Altars:
Gozag
Sif Muna
Yredelemnul
Lugonu

Shops:
D:8 *

Annotations:
D:4 4 runed translucent doors, Crazy Yiuf; Ganima's ghost, amateur MiEE
D:12 Nessos


Innate Abilities, Weirdness & Mutations

You are too large for most types of armour.
You have claws for hands.
Your metabolism is lightning-fast.
You like to eat raw meat.
Your natural rate of healing is unusually fast.
You are covered in fur. (AC +1)
You have extremely tough skin. (AC +3)


Message History

You start resting.
You feel a little less mighty now.
You start resting.
You open the door.
There is an open door, spattered with blood here.
You see here a +0 morningstar.
n - 233 stones (gained 21)
You now have 556 gold pieces (gained 10).
You open the door.
There is an open door here.
A wyvern comes into view.
Unknown command.
The wyvern hisses angrily.
Nessos the Markscentaur comes into view.
There is an open door here.
You close the door.
There is an open door, spattered with blood here.
There is an open door here.
There is a stone staircase leading up, spattered with blood here.
Nessos casts a spell.
Nessos seems to speed up.
Nessos wields a +1 longbow of flaming.
It bursts into flame!
Nessos shoots an arrow.
The arrow hits you!! The arrow burns you!
You are poisoned.
You see here an arrow.
You feel very sick.
You feel very sick.
Nessos shoots an arrow.
The arrow hits you!
* * * LOW HITPOINT WARNING * * *
The arrow burns you.
You are more poisoned.
* * * LOW HITPOINT WARNING * * *
You see here an arrow.
* * * LOW HITPOINT WARNING * * *
You feel very sick.
* * * LOW HITPOINT WARNING * * *
You feel very sick.
Nessos blinks!
As you read the scroll of teleportation {@r4}, it crumbles to dust.
You feel strangely unstable.
* * * LOW HITPOINT WARNING * * *
You feel very sick.
Nessos shoots an arrow.
The arrow completely misses you.
* * * LOW HITPOINT WARNING * * *
You feel very sick.
* * * LOW HITPOINT WARNING * * *
You feel very sick.
Nessos blinks!
You feel sick.
Nessos blinks!
Nessos shoots an arrow.
The arrow hits you!!
You die...

###### #........#
.....#######........#
.....##....'.§..(...+
....)'..####<.......#
.....#### #c.......#
.....# #........#
.....# #......§.#
.....# ##.#.##.##
##+### #.##@#(# #.#
#.#.##c# #l# #.##.#§#
#..# #......# #.##
#.....## .. ..c..c.
.c .#..... .. #.....
.. #.^...


You could see Nessos.

Vanquished Creatures
  A gargoyle (D:12)
  A wraith (D:12)
  An ice beast (D:5)
  2 black bears
  2 orc warriors (D:6)
  3 sky beasts
  2 phantoms (D:7)
  A necrophage (D:5)
  3 ogres
  4 centaurs
  2 big kobolds (D:6)
  2 elf zombies (D:7)
  2 bullfrogs (D:6)
  A water moccasin zombie (Ossuary)
  A scorpion (D:7)
  6 killer bees (D:7)
  8 wights
  2 bullfrog zombies
  3 crimson imps
  3 human zombies (D:7)
  4 hounds (D:6)
  5 orc priests
  An iguana (D:7)
  A jelly (D:7)
  A centaur skeleton (D:7)
  8 orc wizards
  A human skeleton (D:7)
  8 worker ants
  4 big kobold zombies (Ossuary)
  5 mummies
  8 gnolls
  A howler monkey skeleton (D:6)
  5 adders
  3 shadow imps
  An adder skeleton (D:7)
  3 adder zombies (Ossuary)
  4 dart slugs
  4 worms
  4 leopard geckos
  19 orcs
  7 giant cockroaches
  5 goblins
  14 hobgoblins
  11 jackals
  12 kobolds
  2 quokkas (D:4)
  2 ball pythons (D:1)
  3 bats (D:2)
  3 frilled lizards
  A goblin zombie (D:6)
  6 hobgoblin zombies (Ossuary)
  4 kobold zombies (Ossuary)
  A leopard gecko skeleton (D:4)
  7 orc zombies
  6 rats
224 creatures vanquished.

Notes
Turn   | Place    | Note
-------+----------+-------------------------------------------
     0 | Abyss:1  | Chaoticas the Troll Abyssal Knight began the quest for the
                  | Orb.
     0 | Abyss:1  | Reached XP level 1. HP: 22/22 MP: 1/1
     0 | D:1      | Escaped the Abyss
    46 | D:1      | Reached skill level 2 in Maces & Flails
   139 | D:1      | Reached * piety under Lugonu
   143 | D:1      | Reached XP level 2. HP: 29/29 MP: 2/2
   744 | D:1      | Reached skill level 3 in Maces & Flails
   744 | D:1      | Reached XP level 3. HP: 29/36 MP: 3/3
  1421 | D:2      | Reached XP level 4. HP: 40/44 MP: 4/4
  1873 | D:3      | Reached ** piety under Lugonu
  2272 | D:3      | Reached skill level 4 in Maces & Flails
  2289 | D:3      | Reached XP level 5. HP: 49/50 MP: 6/6
  2943 | D:4      | Found an opulent altar of Gozag.
  2944 | D:4      | Found a runed translucent gate.
  2944 | D:4      | Found a runed translucent gate.
  2944 | D:4      | Found a runed translucent gate.
  2944 | D:4      | Noticed Ganima's ghost (amateur MiEE)
  2945 | D:4      | Noticed a sky beast
  3095 | D:4      | Found a runed translucent door.
  3096 | D:4      | Noticed Crazy Yiuf
  3231 | D:5      | Entered Level 5 of the Dungeon
  3242 | D:5      | Noticed a centaur
  3252 | D:5      | Killed a centaur
  3252 | D:5      | Reached XP level 6. HP: 46/59 MP: 7/7
  3406 | D:5      | Reached skill level 5 in Maces & Flails
  3648 | D:5      | Noticed an ice beast
  3659 | D:5      | Killed an ice beast
  3696 | D:5      | Reached XP level 7. HP: 59/66 MP: 9/9
  3735 | D:4      | Reached skill level 6 in Maces & Flails
  3915 | D:5      | Got a steaming whip
  4141 | D:5      | Reached *** piety under Lugonu
  4284 | D:5      | Identified the +10 whip of the Orb {drain, Dex+5} (You
                  | found it on level 5 of the Dungeon)
  4404 | D:6      | Reached skill level 7 in Maces & Flails
  4422 | D:6      | Reached skill level 5 in Invocations
  4422 | D:6      | Reached XP level 8. HP: 74/74 MP: 10/10
  4598 | D:6      | Found a sand-covered staircase.
  4607 | Ossuary  | Entered an ossuary
  4670 | Ossuary  | Reached **** piety under Lugonu
  4681 | Ossuary  | Reached skill level 8 in Maces & Flails
  4879 | D:6      | Found a shimmering blue altar of Sif Muna.
  4882 | D:6      | You fall into a shaft and drop 1 floor!
  4888 | D:7      | Found a staircase to the Ecumenical Temple.
  4915 | D:7      | Reached skill level 9 in Maces & Flails
  5204 | D:7      | Reached XP level 9. HP: 78/81 MP: 11/11
  5558 | D:7      | Found a basalt altar of Yredelemnul.
  5699 | D:6      | Reached ***** piety under Lugonu
  5829 | D:6      | Reached skill level 10 in Maces & Flails
  5836 | D:6      | Identified Sif Muna's Grimoire of Malediction
  6174 | D:6      | Got a scorched mace
  6176 | D:6      | Identified the +5 mace of Descent {venom, *Noise rF+
                  | Stlth+} (You found it on level 6 of the Dungeon)
  6360 | D:8      | Found Goiqonim's Assorted Antiques.
  6748 | D:8      | Reached XP level 10. HP: 83/94 MP: 12/12
  6785 | D:8      | Noticed a two-headed ogre
  6805 | D:8      | You fall into a shaft and drop 3 floors!
  6826 | D:11     | Noticed a seven-headed hydra
  6937 | D:12     | Noticed a gargoyle
  6958 | D:12     | Killed a gargoyle
  6958 | D:12     | Reached skill level 11 in Maces & Flails
  7086 | D:12     | Noticed Nessos
  7120 | D:12     | Shot with an arrow by Nessos

Levels and vault maps discovered:
D:1:      onia_arrival_mini_spirals, layout_basic
D:2:      layout_loops_corners, corner_web_ring
D:3:      layout_basic
D:4:      layout_basic, ebering_ghost_gozag, serial_park_tiny_1,
          uniq_crazy_yiuf_cottage
D:5:      layout_basic, first_ration
D:6:      kennysheep_housing_project, layout_rooms, nicolae_ossuary_entry_giza,
          led_sif_book
D:7:      layout_loops_ring, lemuel_mausoleum_altar_yredelemnul,
          minmay_temple_entry_purple_smoke, kennysheep_generic_room_14
D:8:      layout_loops_ring, dpeg_oklobed_lair, serial_shops, nicolae_shop_stone
D:11:     layout_grid_maze, enter_trove_1, uniq_snorg, uniq_psyche
D:12:     layout_roguey, david_orc_3, minmay_misc_feat_tiny, uniq_josephine,
          uniq_jorgrun, uniq_nessos

Skill      XL: |  1  2  3  4  5  6  7  8  9 10 |
---------------+-------------------------------+-----
Maces & Flails | 2 3 4 5 7 9 10 11 | 11.0
Invocations    | 2 3 4 5 |  5.0
Dodging        | 2 4 |  4.6
Fighting       | 3 4 |  4.9

Action                   |  1- 3 |  4- 6 |  7- 9 | 10-12 || total
-------------------------+-------+-------+-------+-------++-------
Melee: Whip              |   135 |   108 |   433 |    39 ||   715
       Mace              |     9 |       |       |       ||     9
       Morningstar       |       |   146 |    78 |       ||   224
Throw: Stone             |       |     3 |       |       ||     3
Invok: Depart the Abyss  |     1 |       |       |       ||     1
       Banish            |       |       |       |     1 ||     1
 Abil: Evoke Flight      |       |       |     1 |       ||     1
  Use: Scroll            |     2 |    10 |    11 |     3 ||    26
       Potion            |       |       |       |     1 ||     1
 Stab: Sleeping          |       |     1 |     3 |       ||     4
  Eat: Chunk             |    19 |    21 |    25 |       ||    65
Armor: Robe              |    75 |    97 |   138 |    10 ||   320
Dodge: Dodged            |    81 |   115 |   186 |    15 ||   397
